Map: Ice and Chrome LE

Players

Namshar

  • Race: Zerg Zerg
  • League: Master
  • Spawn Location: 1:00

Scarlett - Winner!

  • Race: Zerg Zerg
  • Spawn Location: 7:00

Event: DreamHack SC2 Masters 2020 Summer North America

VOD

Have the link to the VOD?

Description

Time

  • Played on: July 10, 2020, 4:17 p.m.
  • Length: 12:46

All games in this series

Show
View Real Time Build Order
Export as new Build Order

Namshar Zerg 

Build Orders: Hatch First 

Get SALT Encoding   

  12  0:00  Drone  
  13  0:12  Overlord  
  13  0:17  Drone  
  14  0:30  Drone x2  
  16  0:47  Hatchery  
  15  0:51  Drone  
  15  0:54  Drone  
  17  0:57  Drone  
  18  1:08  Extractor  
  17  1:12  Spawning Pool  
  17  1:16  Drone  
  17  1:18  Drone  
  18  1:28  Drone  
  19  1:38  Drone  
  20  1:50  Drone  
  21  1:59  Drone, Queen x2  
  21  2:00  Overlord  
  26  2:12  Drone x2, Metabolic Boost  
  28  2:21  Drone x2  
  30  2:32  Drone  
  30  2:33  Drone  
  30  2:35  Hatchery  
  31  2:42  Queen  
  33  2:48  Baneling Nest  
  32  2:52  Overlord  
  32  2:55  Drone  
  32  2:56  Drone  
  34  3:01  Drone  
  34  3:03  Zergling x2  
  36  3:11  Drone, Zergling x2  
  36  3:12  Drone x2  
  40  3:13  Overlord  
  40  3:16  Zergling x2  
  40  3:18  Zergling x2  
  42  3:23  Evolution Chamber  
  41  3:31  Zergling x2  
  41  3:33  Drone  
  43  3:37  Drone  
  43  3:38  Baneling x2  
  44  3:42  Drone  
  44  3:43  Drone x2  
  44  3:46  Drone  
  48  3:52  Drone, Zergling x4  
  48  3:55  Zerg Melee Weapons Level 1  
  51  4:00  Overlord x2  
  51  4:02  Drone x4  
  54  4:11  Overlord  
  54  4:14  Drone x4  
  58  4:17  Lair  
  58  4:19  Extractor  
  58  4:21  Extractor  
  56  4:24  Extractor  
  56  4:27  Roach Warren  
  56  4:28  Drone x2  
  56  4:33  Zergling x12  
  62  4:44  Zergling x10  
  67  4:51  Overlord  
  66  4:58  Baneling x2  
  66  4:59  Baneling x2  
  65  5:00  Baneling x2  
  65  5:01  Zergling x14  
  65  5:06  Overlord  
  71  5:19  Zergling x2  
  71  5:20  Zergling x10  
  74  5:24  Baneling  
  71  5:30  Spire  
  71  5:32  Baneling, Drone x3  
  71  5:33  Drone  
  71  5:34  Baneling  
  71  5:35  Baneling  
  71  5:39  Drone x2, Extractor x2  
  71  5:42  Drone x3  
  73  5:44  Overlord  
  73  5:45  Drone  
  73  5:46  Drone x2  
  68  6:06  Drone x3  
  71  6:13  Overlord  
  71  6:14  Drone, Overlord  
  72  6:28  Zergling x8  
  76  6:34  Hatchery  
  75  6:43  Mutalisk x9  
  93  6:53  Mutalisk  
  94  6:55  Zergling x14  
  101  7:01  Mutalisk  
  101  7:06  Mutalisk  
  101  7:07  Overlord x2  
  102  7:18  Mutalisk  
  102  7:22  Drone x7  
  108  7:26  Zerg Flyer Armor Level 1  
  108  7:28  Extractor  
  107  7:30  Overlord x2  
  107  7:31  Overlord  
  107  7:34  Extractor  
  102  7:38  Mutalisk x2  
  106  7:51  Drone  
  106  7:52  Drone  
  106  7:53  Baneling x2  
  108  7:59  Mutalisk x4  
  108  8:00  Drone  
  108  8:01  Drone, Queen  
  120  8:07  Zergling x14  
  126  8:14  Mutalisk  
  126  8:15  Mutalisk x2  
  132  8:27  Mutalisk  
  132  8:28  Mutalisk  
  135  8:39  Overlord x2  
  135  8:45  Spore Crawler  
  135  8:47  Spore Crawler  
  133  8:49  Hatchery, Overlord x2  
  132  8:56  Mutalisk  
  132  8:57  Mutalisk x5  
  132  9:00  Zerg Melee Weapons Level 2  
  143  9:12  Overlord x2  
  143  9:15  Mutalisk x3  
  149  9:24  Zerg Flyer Armor Level 2  
  149  9:30  Mutalisk  
  151  9:37  Drone x5  
  143  9:49  Drone x4  
  143  9:50  Drone x2, Overlord x2  
  143  9:52  Mutalisk  
  151  9:56  Drone x3  
  153  10:00  Baneling x2  
  153  10:01  Baneling x2  
  153  10:05  Mutalisk x2, Extractor  
  156  10:08  Extractor  
  154  10:14  Mutalisk x3  
  154  10:21  Drone x2  
  154  10:22  Drone x2  
  154  10:23  Drone x2  
  157  10:30  Mutalisk x3  
  163  10:37  Zergling x4  
  163  10:39  Drone x2  
  163  10:40  Drone  
  168  10:44  Mutalisk  
  168  10:45  Mutalisk x2  
  168  10:47  Zergling x2  
  172  10:57  Drone  
  172  10:59  Mutalisk x4  
  181  11:09  Zergling x16  
  186  11:15  Queen  
  181  11:22  Drone x3  
  181  11:24  Drone  
  181  11:25  Drone  
  181  11:29  Mutalisk  
  183  11:35  Baneling  
  183  11:36  Baneling  
  183  11:41  Zergling x4  
  183  11:44  Mutalisk x4  
  190  11:56  Mutalisk x4  
  198  12:04  Mutalisk  
  187  12:16  Mutalisk x7  
Show
View Real Time Build Order
Export as new Build Order

Scarlett Zerg - Winner!

Build Orders: Hatch First 

Get SALT Encoding   

  12  0:00  Drone  
  13  0:12  Overlord  
  13  0:17  Drone  
  14  0:30  Drone x2  
  16  0:47  Hatchery  
  15  0:51  Drone  
  15  0:54  Drone  
  17  0:58  Drone  
  18  1:08  Extractor  
  17  1:13  Spawning Pool  
  17  1:16  Drone  
  17  1:19  Drone  
  18  1:28  Drone  
  19  1:39  Drone  
  20  1:49  Drone  
  21  2:00  Drone, Queen x2  
  26  2:01  Overlord  
  26  2:09  Metabolic Boost  
  26  2:11  Drone  
  26  2:12  Drone  
  28  2:22  Drone x2  
  30  2:33  Hatchery  
  30  2:36  Drone  
  30  2:41  Queen  
  32  2:46  Overlord  
  32  2:48  Drone  
  32  2:51  Zergling x2  
  34  2:57  Baneling Nest  
  33  2:59  Drone x2  
  33  3:05  Zergling x2  
  36  3:08  Drone x3  
  36  3:11  Drone  
  36  3:12  Drone  
  41  3:14  Drone  
  41  3:16  Drone  
  43  3:21  Overlord  
  43  3:26  Drone  
  44  3:38  Overlord  
  44  3:39  Evolution Chamber  
  44  3:40  Zergling x2  
  44  3:41  Drone  
  44  3:42  Drone x3  
  48  3:49  Drone x5  
  48  3:54  Zergling x2  
  54  3:59  Lair  
  54  4:03  Extractor x2  
  54  4:05  Zerg Melee Weapons Level 1  
  54  4:08  Baneling  
  52  4:11  Drone, Zergling x2  
  52  4:12  Drone x5  
  59  4:17  Drone x4  
  59  4:23  Roach Warren  
  62  4:24  Baneling  
  62  4:28  Drone x4  
  66  4:36  Overlord x2  
  66  4:38  Extractor  
  65  4:40  Extractor  
  64  4:47  Overlord  
  64  4:48  Drone x2  
  64  4:50  Overlord  
  64  4:52  Extractor  
  65  4:53  Zergling x2  
  65  4:59  Zergling x12  
  72  5:05  Roach x2  
  72  5:06  Baneling x3, Roach x3  
  82  5:10  Baneling x2  
  81  5:16  Roach x5  
  79  5:29  Zergling x8  
  79  5:30  Spire  
  78  5:40  Drone  
  78  5:42  Zergling x12  
  84  6:03  Drone x6  
  88  6:07  Drone  
  88  6:11  Drone x8  
  97  6:16  Zerg Melee Weapons Level 2  
  97  6:17  Overlord x2  
  97  6:20  Overlord  
  97  6:28  Overlord x2  
  97  6:31  Overlord  
  96  6:42  Mutalisk x5  
  106  6:49  Mutalisk x2  
  110  6:57  Zerg Flyer Weapons Level 1  
  110  6:58  Mutalisk x2  
  114  7:03  Mutalisk  
  116  7:17  Mutalisk  
  116  7:18  Mutalisk  
  99  7:23  Mutalisk  
  99  7:24  Hatchery  
  99  7:25  Drone x7  
  107  7:39  Mutalisk  
  107  7:40  Mutalisk x2  
  107  7:43  Overlord  
  113  7:44  Drone x2  
  113  7:46  Zergling x10  
  113  7:47  Spore Crawler  
  119  7:56  Mutalisk  
  120  7:58  Overlord  
  120  7:59  Overlord  
  120  8:03  Mutalisk x3  
  126  8:09  Mutalisk  
  126  8:11  Overlord x2  
  128  8:23  Extractor  
  128  8:25  Drone x3  
  128  8:26  Extractor  
  129  8:28  Drone  
  129  8:29  Drone x2  
  132  8:34  Mutalisk x4  
  132  8:37  Zergling x12  
  145  8:45  Mutalisk  
  145  8:47  Mutalisk, Queen  
  145  8:48  Overlord x3  
  151  9:02  Zerg Flyer Armor Level 1  
  150  9:03  Mutalisk  
  150  9:05  Zergling x16  
  158  9:17  Baneling  
  158  9:22  Mutalisk x4  
  165  9:27  Mutalisk  
  167  9:41  Mutalisk  
  167  9:42  Mutalisk x3  
  173  9:46  Zergling x8  
  173  9:49  Overlord x3  
  173  9:58  Spore Crawler  
  172  10:04  Mutalisk x2  
  175  10:07  Infestation Pit  
  175  10:10  Mutalisk x3  
  175  10:12  Zergling x30  
  192  10:28  Zerg Ground Armor Level 1  
  182  10:36  Mutalisk x4  
  182  10:38  Zergling x8  
  182  10:39  Hatchery  
  191  10:53  Mutalisk x4  
  191  10:56  Zergling x4  
  199  10:57  Spore Crawler  
  192  11:13  Hive  
  192  11:15  Zergling x2  
  192  11:16  Zergling x20  
  197  11:22  Infestor  
  195  11:28  Burrow  
  195  11:31  Spine Crawler  
  195  11:32  Spine Crawler  
  193  11:40  Infestor  
  193  11:41  Infestor  
  193  11:42  Extractor  
  193  11:43  Extractor  
  188  11:56  Mutalisk x4  
  196  12:04  Spore Crawler  
  182  12:18  Mutalisk x5  
  163  12:23  Zergling x26  
  163  12:24  Zergling x4  
Tags
 
Add a new tag
Caveats
  • Supply blocks, unpowered buildings, or Contaminate may cause inaccurate times.
  • Supply counts are checked every 10 seconds.